 Dungeon Crawl Stone Soup version 0.24.1-14-gf8d2b509d9 (webtiles) character file.

Game seed: 7887562415782806051, levelgen mode: deterministic

720 Peloso the Shield-Bearer (level 8, -2/61 HPs)
             Began as a Formicid Fighter on June 2, 2020.
             Slain by Menkaure (6 damage)
             ... in an ossuary.
             The game lasted 00:13:20 (3809 turns).

Peloso the Shield-Bearer (Formicid Fighter)         Turns: 3809, Time: 00:13:20

Health: -2/61      AC: 14    Str: 22    XL:     8   Next: 2%
Magic:  8/8        EV:  7    Int:  8    God:
Gold:   139        SH: 10    Dex: 11    Spells: 7/7 levels left

rFire    . . .     SeeInvis +   a - +1 long sword
rCold    + . .     Gourm    .   c - +0 shield
rNeg     . . .     Faith    .   d - +2 chain mail {rPois}
rPois    +         Spirit   .   (helmet unavailable)
rElec    .         Reflect  .   s - +1 cloak of Fiser {SInv}
rCorr    .         Harm     .   (no gloves)
MR       .....                  (no boots)
Stlth    ..........             (no amulet)
HPRegen  0.20/turn              (no ring)
MPRegen  0.11/turn              m - ring of protection from cold

@: marked
A: permanent stasis, dig shafts and tunnels, four strong arms, antennae 3
a: Dig, Shaft Self


You were in an ossuary.
You were not hungry.

You visited 1 branch of the dungeon, and saw 5 of its levels.
You also visited: Ossuary.

You collected 139 gold pieces.

Inventory:

Hand Weapons
 a - a +1 long sword (weapon)
 b - a +1 short sword of venom
Armour
 c - a +0 shield (worn)
 d - a +2 chain mail of poison resistance (worn)
 s - the +1 cloak of Fiser (worn) {SInv}
   (You found it on level 4 of the Dungeon)

   It lets you see invisible.
Jewellery
 h - an uncursed ring of flight
 m - a ring of protection from cold (right hand)
 o - an uncursed ring of stealth
 v - an uncursed ring of see invisible
Wands
 r - a wand of iceblast (7)
 u - a wand of paralysis (9)
 w - a wand of digging (5)
Scrolls
 g - a scroll of enchant weapon
 i - a scroll of magic mapping
 j - 4 scrolls of remove curse
 k - 2 scrolls of fear {unknown}
 t - 2 scrolls of amnesia {unknown}
Potions
 e - a potion of brilliance
 p - a potion of flight
Comestibles
 f - 7 rations


   Skills:
 + Level 4.3 Fighting
 + Level 5.2 Long Blades
 + Level 5.1 Armour
 + Level 1.4 Dodging
 + Level 0.2 Stealth
 + Level 6.2 Shields


You had 7 spell levels left.
You didn't know any spells.
Your spell library was empty.

Dungeon Overview and Level Annotations

Branches:
Dungeon (5/15)            Ossuary (1/1)
 Temple: D:4-7

Altars:
Hepliaklqana
Qazlal

Annotations:
Ossuary Menkaure


Innate Abilities, Weirdness & Mutations

You cannot be hasted, slowed, berserked, paralysed or teleported.
You can dig through walls and to a lower floor.
Your four strong arms can wield two-handed weapons with a shield.
You have a pair of large antennae on your head. (SInv)


Message History

Menkaure is lightly damaged.
You block Menkaure's attack.
You hit Menkaure.
Menkaure is moderately damaged.
Menkaure casts a spell at you. Pain shoots through your body!
You hit Menkaure but do no damage.
Menkaure is moderately damaged.
Menkaure calls on the powers of darkness!
Your body is wracked with pain!
* * * LOW HITPOINT WARNING * * *
Menkaure closely misses you.
You slash Menkaure!
Menkaure is severely damaged.
Menkaure hits you!
* * * LOW HITPOINT WARNING * * *
You hit Menkaure.
Menkaure is almost destroyed.
Menkaure hits you.
You die...

##..##.^##..####..##..##..##
##..##..##..## ##^.##..##^.#
##.^##..##..## ##..##..##^.
##..##..##..## ##..##..##.
##..##..##..## ##..##..##
##..##^.##.^## ##..##..#
#..##^.##..## ##.^##..
..##^.##..############## ##..##.
.##^.##.........@MM..... ##..##
##..##########################..#
#.......^...^....^.^.............
#################################
...............^.....^.^.........
#################################


You could see Menkaure and a mummy.

Vanquished Creatures
  Edmund (D:4)
  An ogre (D:5)
  2 scorpions
  2 hounds (D:4)
  Ijyb (D:4)
  A worker ant (D:3)
  Natasha (thrice) (D:4)
  An iguana (D:4)
  2 mummies (Ossuary)
  Robin (D:4)
  5 adders
  2 oozes
  A worm (D:2)
  A dart slug (D:3)
  3 leopard geckos
  2 orcs (D:4)
  8 giant cockroaches
  6 gnoll zombies (Ossuary)
  14 goblins
  9 hobgoblins
  A quokka (D:4)
  2 ball pythons
  9 bats
  2 frilled lizards
  6 gnoll skeletons (Ossuary)
  2 goblin skeletons (Ossuary)
  5 goblin zombies (Ossuary)
  2 hobgoblin skeletons (Ossuary)
  A hobgoblin zombie (Ossuary)
  4 kobolds
  3 kobold skeletons (Ossuary)
  3 kobold zombies (Ossuary)
  4 orc skeletons (Ossuary)
  5 orc zombies (Ossuary)
  7 rats
  8 rat skeletons (Ossuary)
  4 rat zombies (Ossuary)
134 creatures vanquished.

Vanquished Creatures (others)
  A rat zombie (Ossuary)
1 creature vanquished.

Grand Total: 135 creatures vanquished

Notes
Turn   | Place    | Note
-------+----------+-------------------------------------------
     0 | D:1      | Peloso the Formicid Fighter began the quest for the Orb.
     0 | D:1      | Reached XP level 1. HP: 18/18 MP: 1/1
   110 | D:1      | Reached XP level 2. HP: 13/24 MP: 2/2
   216 | D:1      | Reached skill level 4 in Shields
   392 | D:1      | Reached XP level 3. HP: 30/30 MP: 3/3
   897 | D:2      | Reached XP level 4. HP: 34/37 MP: 4/4
  1242 | D:3      | Found a faded altar of an unknown god.
  1297 | D:3      | Reached XP level 5. HP: 32/42 MP: 5/5
  1876 | D:4      | Reached skill level 5 in Shields
  1884 | D:4      | Found a hazy altar of Hepliaklqana.
  1885 | D:4      | Got a faintly humming cloak
  1891 | D:4      | Identified the +1 cloak of Fiser {SInv} (You found it on
                  | level 4 of the Dungeon)
  1956 | D:4      | HP: 2/42 [iguana (10)]
  1957 | D:4      | Reached XP level 6. HP: 3/48 MP: 6/6
  2277 | D:4      | Noticed Natasha
  2278 | D:4      | Noticed Edmund
  2282 | D:4      | Killed Natasha
  2294 | D:4      | Killed Edmund
  2294 | D:4      | Reached skill level 1 in Dodging
  2389 | D:4      | Noticed Ijyb
  2402 | D:4      | Killed Ijyb
  2402 | D:4      | Reached XP level 7. HP: 54/54 MP: 7/7
  2510 | D:4      | Noticed Robin
  2523 | D:4      | Killed Robin
  2595 | D:4      | Noticed Natasha
  2608 | D:4      | Killed Natasha
  2642 | D:4      | Found a stormy altar of Qazlal.
  2677 | D:4      | Noticed Natasha
  2686 | D:4      | Killed Natasha
  2775 | D:4      | Reached skill level 6 in Shields
  3189 | D:5      | Entered Level 5 of the Dungeon
  3190 | D:5      | Found a sand-covered staircase.
  3239 | D:5      | Reached skill level 5 in Long Blades
  3239 | D:5      | Reached skill level 5 in Armour
  3476 | Ossuary  | Entered an ossuary
  3791 | Ossuary  | Noticed Menkaure
  3804 | Ossuary  | Reached XP level 8. HP: 30/61 MP: 8/8
  3809 | Ossuary  | Slain by Menkaure

Levels and vault maps discovered:
D:1:      mrwooster_arrival_statue, layout_rooms
D:2:      layout_rooms, st_stairs_1
D:3:      layout_loops_ring, chequers_ecumenical_altar_simple_redux,
          guppyfry_early_lair_pool
D:4:      layout_basic, overflow_temple_1_default, kennysheep_mini_moat,
          serial_bayou, serial_bayou_ford_a, serial_bayou_crossing,
          serial_bayou_lake_a, serial_bayou_pond_e, first_ration, uniq_edmund,
          uniq_ijyb, uniq_natasha, uniq_robin
D:5:      kennysheep_windowed_halls, layout_rooms,
          nicolae_gozag_cash_rules_everything_around_me,
          minmay_temple_entry_metal_lava, nicolae_ossuary_entry_false_entrances
Ossuary:  ossuary_due_pyramid

Skill      XL: |  1  2  3  4  5  6  7 |
---------------+----------------------+-----
Shields        | 4 5 6 |  6.2
Long Blades    | 3 4 5 |  5.2
Armour         | 4 5 |  5.1
Fighting       | 4 |  4.3
Dodging        | 1 |  1.4
Stealth        | |  0.2

Action                   |  1- 3 |  4- 6 |  7- 9 || total
-------------------------+-------+-------+-------++-------
Melee: Long sword        |   117 |   133 |   269 ||   519
 Abil: Dig               |       |     2 |       ||     2
  Use: Potion            |     4 |     1 |     2 ||     7
       Scroll            |       |     4 |     4 ||     8
  Eat: Chunk             |       |     3 |     2 ||     5
       Ration            |       |     1 |     1 ||     2
Armor: Scale mail        |    58 |       |       ||    58
       Chain mail        |    21 |    71 |   103 ||   195
Dodge: Dodged            |    63 |    34 |    52 ||   149
Block: Shield            |    89 |    99 |   143 ||   331
       Rpst.: Long sword |    15 |    14 |    10 ||    39
